 Dungeon Crawl Stone Soup version 0.30-a0-122-g2a1322497e (webtiles) character file.

Game seed: 1859561506469870160

7030 ytrimaz the Fighter (level 10, 0/84 (85) HPs)
             Began as a Demonspawn Gladiator on Sept 15, 2022.
             Was an Initiate of Gozag.
             Slain by a two-headed ogre
             ... wielding a +0 giant club
              (16 damage)
             ... on level 10 of the Dungeon.
             The game lasted 00:16:07 (12767 turns).

ytrimaz the Fighter (Demonspawn Gladiator)         Turns: 12767, Time: 00:16:08

HP:   0/84 (85)     AC: 19    Str: 20    XL:     10   Next: 82%
MP:   10/10         EV:  7    Int:  9    God:    Gozag
Gold: 437           SH:  0    Dex: 14    Spells: 9/9 levels left

rFire   . . .      SeeInvis +    a - +0 war axe
rCold   . . .      Faith    .    (no shield)
rNeg    + . .      Spirit   .    h - +1 plate armour
rPois   .          Reflect  .    c - +0 helmet
rElec   .          Harm     .    v - +0 cloak
rCorr   .          Rampage  .    (no gloves)
Will    .....                    j - +0 pair of boots
Stlth   ..........               w - amulet of magic regeneration
HPRegen 0.24/turn                B - ring of see invisible
MPRegen 0.64/turn                p - ring of positive energy

@: lightly drained
A: demonic guardian 2, magic regeneration, demonic touch 1, mutation resistance
1
a: Renounce Religion, Potion Petition, Call Merchant, Bribe Branch


You were on level 10 of the Dungeon.
You worshipped Gozag.
Gozag was aware of your devotion.
You visited 2 branches of the dungeon, and saw 11 of its levels.
You also visited: Sewer.

You collected 1382 gold pieces.
You spent 149 gold pieces at shops.
You paid 796 gold pieces to Gozag.


Innate Abilities, Weirdness & Mutations

A demonic guardian rushes to your aid.
You regenerate magic rapidly.
Your touch may inflict minor irresistible damage on your foes.
You are somewhat resistant to further mutation.


   Skills:
 + Level 10.1 Fighting
 + Level 9.3 Axes
 - Level 1.7 Throwing
 + Level 8.6 Armour
 - Level 2.6 Dodging


You had 9 spell levels left.
You didn't know any spells.
Your spell library contained the following spells:

 Spells                   Type           Power      Damage    Failure   Level
 Freeze                   Ice            0%         1d3       100%        1
 Sandblast                Erth           0%         2d4       100%        1
 Passwall                 Tmut/Erth      0%         N/A       100%        2
 Scorch                   Fire           0%         2d5       100%        2
 Frozen Ramparts          Ice            0%         1d1       100%        3
 Ignite Poison            Fire/Tmut/Pois 0%         N/A       100%        3
 Mephitic Cloud           Conj/Pois/Air  0%         N/A       100%        3
 Stone Arrow              Conj/Erth      0%         3d7       100%        3
 Summon Guardian Golem    Hex/Summ       0%         N/A       100%        3
 Flame Wave               Conj/Fire      0%         2d4       100%        4
 Hailstorm                Conj/Ice       0%         3d3       100%        4
 Freezing Cloud           Conj/Ice/Air   0%         6-21      100%        5
 Summon Cactus Giant      Summ           0%         N/A       100%        6
 Orb of Destruction       Conj           0%         9d5       100%        7
 Spellforged Servitor     Conj/Summ      0%         N/A       100%        7

Inventory:

Hand Weapons
 a - a +0 war axe (weapon)
Missiles
 d - 2 throwing nets
 e - a javelin
 l - 3 silver javelins
Armour
 c - a +0 helmet (worn)
 h - a +1 plate armour (worn)
   (You found it on level 2 of the Dungeon)
 j - a +0 pair of boots (worn)
   (You found it on level 1 of the Dungeon)
 v - a +0 cloak (worn)
   (You found it in a sewer)
Jewellery
 i - a +6 ring of intelligence
   (You found it on level 1 of the Dungeon)
 k - a +6 ring of intelligence
   (You found it on level 1 of the Dungeon)
 p - a ring of positive energy (right hand)
   (You found it on level 2 of the Dungeon)
 w - an amulet of magic regeneration (around neck)
   (You found it on level 5 of the Dungeon)
 B - a ring of see invisible (left hand)
   (You found it on level 5 of the Dungeon)
 G - a ring of wizardry
   (You found it on level 9 of the Dungeon)
Wands
 b - a wand of charming (17)
   (You found it on level 6 of the Dungeon)
 m - a wand of flame (23)
   (You found it on level 2 of the Dungeon)
 u - a wand of mindburst (10) (quivered)
   (You took it off a hobgoblin on level 4 of the Dungeon)
 z - a wand of iceblast (13)
   (You took it off Maggie on level 6 of the Dungeon)
Scrolls
 f - 2 scrolls of noise
 n - 3 scrolls of enchant weapon
 o - a scroll of amnesia
 q - 2 scrolls of enchant armour
 r - a scroll of teleportation
 s - 3 scrolls of summoning
 t - 3 scrolls of magic mapping
 y - a scroll of identify
 A - 5 scrolls of blinking
Potions
 g - 3 potions of brilliance
 x - a potion of mutation
 C - 2 potions of haste
 D - a potion of ambrosia
 E - a potion of flight
 F - a potion of magic {unknown}
 H - a potion of invisibility {unknown}

Dungeon Overview and Level Annotations

Branches:
Dungeon (10/15) Zot: 26769  Temple (1/1) D:4 Zot: 5727   Sewer (visited)
   Lair: D:8-11         Orc: D:9-12

Altars:
Ashenzari
Cheibriados
Dithmenos
Fedhas
Gozag
Hepliaklqana
Kikubaaqudgha
Makhleb
Nemelex Xobeh
Okawaru
Qazlal
Ru
Sif Muna
Trog
Uskayaw
Vehumet
Wu Jian
Xom
Yredelemnul

Shops:
D:3 ?

Annotations:
D:7 1 runed translucent door, Crazy Yiuf
D:8 blackman's ghost, journeyman FoFi
D:10 exclusion: 2 goblins

.....# #....# $
#....# . $#....#
#.#####....#
.......4...#
#...O...#####..
#...@..........
#......<.......
#..)..........
#...<.........
##.........##
.............#
.............######
.............).....#
#####.######........


You could see a two-headed ogre (ally target) and a friendly hellwing
(summoned).


Message History

Unknown command.
You hit the wight. Your touch misses the wight.
The wight hits you with a +1 dagger!
* * * LOW HITPOINT WARNING * * *
You partially resist.
You feel drained.
* * * LOW HITPOINT WARNING * * *
You slice the wight!!
You destroy the wight! 😨 HP[-8]
You now have 126 max hp (-1).
You take 8 damage, and now have 52/126 hp.
The kobold hits you but does no damage.
Items here: $ (( ))))) [[.
Unknown command.
You hit the kobold.
You kill the kobold!
You are no longer berserk.
You are exhausted.
You feel yourself slow down. 😨 HP[-17]
You now have 84 max hp (-42).
Found a stone staircase leading up.
You now have 431 gold pieces (gained 8).
You see here a +0 whip. 😨 HP[+1]
Found a stone staircase leading up.
Unknown command.
Your ice devil disappears in a puff of smoke! 😨 HP[+1] Unknown command.
You feel yourself speed up.
You recover from your berserk rage.
You feel a little less mighty now.
You start to feel less resistant.
Key pressed, stopping explore.
Your resistance to elements expires.
Key pressed, stopping explore.
A wight comes into view. It is wielding a +2 halberd. 😮 HP[+20]
You regained 20 hp, and now have 57/84 hp.
Unknown command.
A wight is nearby!
A wight is nearby!
Unknown command.
A wight is nearby!
You are too injured to fight recklessly!
You are too injured to fight recklessly!
You are too injured to fight recklessly!
The wight hits you but does no damage.
There is a stone staircase leading up here. 😮 HP[+1] Unknown command.
You slash the wight! The wight barely misses you.
You are too injured to fight recklessly!
You slash the wight!
You touch the wight.
You destroy the wight!
Unknown command.
You are too injured to fight recklessly!
You now have 437 gold pieces (gained 6).
n - 3 scrolls of enchant weapon (gained 1)
Things that are here:
a +2 halberd; 6 boomerangs; a +0 robe 😮 HP[+1] Unknown command.
A two-headed ogre comes into view.
It is wielding two +0 giant clubs. 😮 HP[+3]
You regained 3 hp, and now have 62/84 hp.
Unknown command.
A two-headed ogre is nearby!
A two-headed ogre is nearby!
Unknown command.
A two-headed ogre is nearby!
There is a stone staircase leading up here.
The two-headed ogre shouts in stereo! 😮 HP[+1] Unknown command.
You hit the two-headed ogre.
You touch the two-headed ogre!
The two-headed ogre hits you with a +0 giant club!!
The two-headed ogre hits you with a +0 giant club.
* * * LOW HITPOINT WARNING * * *
😨 HP[-23]
You take 23 damage, and now have 40/84 hp.
MASSIVE DAMAGE!! (PAUSE)
You barely miss the two-headed ogre.
You touch the two-headed ogre!
Unknown command.
You hit the two-headed ogre.
The two-headed ogre hits you with a +0 giant club!
* * * LOW HITPOINT WARNING * * *
A demonic guardian appears!
The two-headed ogre hits you with a +0 giant club!
* * * LOW HITPOINT WARNING * * *
😱 HP[-24]
You take 24 damage, and now have 16/84 hp.
MASSIVE DAMAGE!! (PAUSE) Unknown command.
The two-headed ogre attacks as you move away!
The two-headed ogre hits you with a +0 giant club!
You die...
Your body crumbles into a pile of gold.

Skill      XL: |  1  2  3  4  5  6  7  8  9 10 |
---------------+-------------------------------+-----
Axes           | 3 4 5 6 8 9 |  9.3
Fighting       | 3 4 5 6 7 8 10 | 10.1
Armour         | 1 2 3 4 5 7 8 |  8.6
Throwing       | |  1.7
Dodging        | |  2.6

Action                   |  1- 3 |  4- 6 |  7- 9 | 10-12 || total
-------------------------+-------+-------+-------+-------++-------
Melee: War axe           |   108 |   209 |   272 |   152 ||   741
       Punch             |       |     3 |     4 |     5 ||    12
       Touch             |       |       |    29 |    37 ||    66
Throw: Throwing net      |       |     1 |       |       ||     1
Invok: Potion Petition   |       |       |       |     2 ||     2
Evoke: Wand              |       |     2 |     8 |       ||    10
  Use: Scroll            |     7 |     7 |     2 |     2 ||    18
       Potion            |       |     4 |     5 |     3 ||    12
 Stab: Held in net/web   |       |     1 |       |       ||     1
       Distracted        |       |       |       |     3 ||     3
Armor: Leather armour    |    22 |       |       |       ||    22
       Plate armour      |    58 |   223 |   193 |    85 ||   559
       Skin              |       |       |    18 |       ||    18
Dodge: Dodged            |    68 |    57 |    87 |    50 ||   262

Levels and vault maps discovered:
D:1:      dpeg_arrival_oval, layout_loops_ring,
          hellmonk_ecumenical_altar_dog_temple
D:2:      minmay_wonky_spiral, layout_rooms, chequers_serial_rivers_micro_e,
          skrybe_limestone_x, chequers_serial_rivers_room_b
D:3:      layout_rooms, gup_sewer_entry_bubbles, serial_shops, shop_fountains,
          saegor_snake_ambush
D:4:      minmay_chambers_of_twos, layout_loops_cross, temple_green, uniq_ijyb,
          uniq_robin, uniq_natasha
D:5:      layout_loops_cross, mainiacjoe_overflow_alcove_4
D:6:      layout_loops_ring, mainiacjoe_overflow_divided_tiny,
          kennysheep_generic_room_2, uniq_edmund, uniq_maggie
D:7:      layout_basic, hellmonk_guarded_unrand_night, uniq_crazy_yiuf_cottage
D:8:      layout_basic, gammafunk_ghost_hive, chequers_serial_rivers_marsh,
          st_stairs_14, nicolae_titane
D:9:      layout_rooms
D:10:     minmay_spotlight, layout_small_grid, kennysheep_okawaru_gauntlet,
          serial_bayou_pond_e, dreamdust_mushroom_princess
Temple:   eino_narrow_crystal_temple

Notes
Turn   | Place    | Note
-------+----------+-------------------------------------------
     0 | D:1      | ytrimaz the Demonspawn Gladiator began the quest for the
                  | Orb.
     0 | D:1      | Reached XP level 1. HP: 16/16 MP: 1/1
     0 | D:1      | magus.rc [v1.9.6]
    56 | D:1      | You pick up a book of Frost and begin reading...
    56 | D:1      | You add the spells Freeze, Frozen Ramparts and Hailstorm to
                  | your library.
   356 | D:1      | Gained mutation: A weak demonic guardian rushes to your
                  | aid. [demonic ancestry]
   356 | D:1      | Reached XP level 2. HP: 23/23 MP: 2/2
   369 | D:1      | Found a faded altar of an unknown god.
   384 | D:1      | Reached skill level 3 in Axes
   539 | D:1      | You pick up a book of Dangerous Friends and begin
                  | reading...
   539 | D:1      | You add the spells Summon Guardian Golem, Orb of
                  | Destruction and Spellforged Servitor to your library.
   639 | D:1      | Reached skill level 3 in Fighting
  1367 | D:2      | Reached XP level 3. HP: 24/29 MP: 3/3
  2048 | D:3      | Noticed a scorpion
  2051 | D:3      | Reached XP level 4. HP: 35/35 MP: 4/4
  2057 | D:3      | Reached skill level 1 in Armour
  2058 | D:3      | Killed a scorpion
  2059 | D:3      | Reached XP level 5. HP: 32/42 MP: 5/5
  2227 | D:3      | You add the spells Ignite Poison, Mephitic Cloud and
                  | Freezing Cloud to your library.
  2278 | D:3      | You pick up a book of Geomancy and begin reading...
  2278 | D:3      | You add the spells Sandblast, Passwall and Stone Arrow to
                  | your library.
  2325 | D:3      | Reached skill level 4 in Fighting
  2381 | D:3      | HP: 8/42 [worm (6)]
  2391 | D:3      | Found a glowing drain.
  2402 | Sewer    | Entered a sewer
  2626 | Sewer    | Reached skill level 2 in Armour
  2782 | Sewer    | Noticed a water moccasin
  2788 | Sewer    | Killed a water moccasin
  2789 | Sewer    | Reached skill level 4 in Axes
  2789 | Sewer    | Reached XP level 6. HP: 49/49 MP: 6/6
  3044 | D:3      | Found Demuityn's Magic Scroll Shoppe.
  3064 | D:3      | Bought a scroll of enchant armour for 97 gold pieces
  3064 | D:3      | Bought a scroll of identify for 26 gold pieces
  3064 | D:3      | Bought a scroll of identify for 26 gold pieces
  3298 | D:4      | Noticed Natasha
  3329 | D:4      | Killed Natasha
  3692 | D:4      | Noticed Robin
  3705 | D:4      | Killed Robin
  3718 | D:4      | Reached skill level 3 in Armour
  3842 | D:4      | Noticed Natasha
  3852 | D:4      | Killed Natasha
  3895 | D:4      | Noticed Natasha
  3908 | D:4      | Killed Natasha
  4068 | D:4      | Reached skill level 5 in Fighting
  4134 | D:4      | Gained mutation: You regenerate magic rapidly. [demonic
                  | ancestry]
  4134 | D:4      | Reached XP level 7. HP: 54/56 MP: 7/7
  4201 | D:4      | HP: 7/56 [ogre/+0 giant spiked club (15)]
  4245 | D:4      | HP: 14/56 [ball python (1)]
  4664 | D:4      | Reached skill level 5 in Axes
  4874 | D:4      | Found a staircase to the Ecumenical Temple.
  4888 | Temple   | Entered the Ecumenical Temple
  5145 | Temple   | Became a worshipper of Gozag Ym Sagoz the Greedy
  5408 | D:5      | Entered Level 5 of the Dungeon
  5865 | D:5      | Reached skill level 4 in Armour
  6699 | D:5      | Found a radiant altar of Vehumet.
  6845 | D:6      | Noticed Edmund
  6848 | D:6      | Noticed Maggie
  6856 | D:6      | Reached skill level 6 in Fighting
  6856 | D:6      | Gained mutation: Your touch may inflict minor irresistible
                  | damage on your foes. [demonic ancestry]
  6856 | D:6      | Reached XP level 8. HP: 64/64 MP: 8/8
  6861 | D:6      | Gained mutation: You are somewhat resistant to further
                  | mutation. [potion of mutation]
  6873 | D:6      | Killed Edmund
  6877 | D:6      | HP: 22/94 [Maggie/+1 glaive of draining (13)]
  6887 | D:6      | Killed Maggie
  6888 | D:6      | Reached skill level 6 in Axes
  6888 | D:6      | Reached skill level 5 in Armour
  7751 | D:6      | Found a hide-covered altar of Uskayaw.
  7948 | D:6      | Reached skill level 7 in Fighting
  8117 | D:6      | HP: 15/67 [kobold brigand/+0 short sword (3)]
  8124 | D:6      | HP: 5/67 [white imp/puff of frost (11)]
  8614 | D:6      | HP: 16/67 [electric eel/bolt of electricity (8)]
  8933 | D:7      | Reached XP level 9. HP: 63/72 MP: 9/9
  9049 | D:7      | Reached skill level 6 in Armour
  9222 | D:7      | Reached skill level 7 in Axes
  9497 | D:7      | Found a runed translucent door.
  9498 | D:7      | Noticed Crazy Yiuf
  9900 | D:7      | Reached skill level 8 in Fighting
 10192 | D:7      | Reached skill level 7 in Armour
 10259 | D:7      | Reached skill level 8 in Axes
 10275 | D:7      | Gained mutation: A demonic guardian rushes to your aid.
                  | [demonic ancestry]
 10275 | D:7      | Reached XP level 10. HP: 62/82 MP: 10/10
 10361 | D:7      | Found the +5 robe of Night {Dark Will+ SInv}
 10725 | D:8      | Reached skill level 9 in Fighting
 10907 | D:8      | Noticed blackman's ghost (journeyman FoFi)
 10951 | D:8      | Found a transporter.
 11528 | D:8      | Found a transporter.
 11916 | D:9      | Reached skill level 8 in Armour
 12205 | D:9      | You pick up a book of Scorching and begin reading...
 12205 | D:9      | You add the spells Scorch, Flame Wave and Summon Cactus
                  | Giant to your library.
 12543 | D:10     | Entered Level 10 of the Dungeon
 12556 | D:10     | Reached skill level 9 in Axes
 12561 | D:10     | Found an iron altar of Okawaru.
 12636 | D:10     | Noticed a red ugly thing
 12652 | D:10     | Killed a red ugly thing
 12653 | D:10     | Reached skill level 10 in Fighting
 12759 | D:10     | Noticed a two-headed ogre
 12766 | D:10     | HP: 16/84 [two-headed ogre/+0 giant club (10)]
 12767 | D:10     | Slain by a two-headed ogre

Vanquished Creatures
  An ugly thing (D:10)
  Maggie (D:6)
  2 unseen horrors (D:10)
  A hornet (D:8)
  7 dream sheep (D:7)
  2 shadows (D:7)
  4 wyverns
  Edmund (D:6)
  2 water moccasins
  2 orc warriors (D:7)
  A sky beast (D:7)
  2 centaurs
  4 kobold brigands
  4 bullfrogs
  5 scorpions
  9 wights
  3 howler monkeys
  An electric eel (D:6)
  A jelly (D:5)
  A gnoll bouda (D:9)
  4 hounds
  2 orc priests
  7 iguanas
  Natasha (thrice) (D:4)
  5 orc wizards
  Robin (D:4)
  3 gnolls (D:9)
  8 adders
  A river rat (D:3)
  A shadow imp (D:6)
  3 white imps
  An ufetubus (D:5)
  4 worms
  3 dart slugs
  29 orcs
  16 ball pythons
  9 endoplasms
  3 giant cockroaches
  14 goblins
  9 hobgoblins
  7 jackals
  14 kobolds
  3 quokkas
  5 bats
  4 frilled lizards
  3 rats
216 creatures vanquished.

Vanquished Creatures (collateral kills)
  An ogre (D:4)
  A wight (D:9)
  A jelly (D:7)
  An orc priest (D:9)
  An iguana (D:5)
  A gnoll (D:9)
  An adder (D:5)
  A shadow imp (D:6)
  A white imp (D:5)
  A worm (D:3)
  An orc (D:4)
  A ball python (D:4)
  2 jackals (D:4)
  A quokka (D:3)
  A rat (D:3)
16 creatures vanquished.

Vanquished Creatures (others)
  An orc wizard (D:6)
  A fungus (D:10)
2 creatures vanquished.

Grand Total: 234 creatures vanquished

Table legend:
 A = Non-vault XP
 B = Vault XP
 C = Vault XP percentage of total XP
 D = Non-vault monster count
 E = Vault monster count
 F = Vault count percentage of total count
                 A         B        C        D         E       F
            +---------+---------+-------+---------+---------+-------
      Total |    6645 |    3399 |  33.8 |     176 |      57 |  24.5
            +---------+---------+-------+---------+---------+-------
        D:1 |      34 |       6 |  15.0 |      19 |       3 |  13.6
        D:2 |      35 |      19 |  35.2 |      10 |       4 |  28.6
        D:3 |     137 |      49 |  26.3 |      18 |      10 |  35.7
        D:4 |     453 |     129 |  22.2 |      29 |      22 |  43.1
        D:5 |     387 |       0 |   0.0 |      13 |       0 |   0.0
        D:6 |     598 |     765 |  56.1 |      23 |       5 |  17.9
        D:7 |     673 |    2247 |  77.0 |      14 |       9 |  39.1
        D:8 |     833 |      35 |   4.0 |      10 |       1 |   9.1
        D:9 |    1655 |       0 |   0.0 |      28 |       0 |   0.0
       D:10 |    1840 |       0 |   0.0 |      12 |       0 |   0.0
      Sewer |       0 |     149 | 100.0 |       0 |       3 | 100.0
            +---------+---------+-------+---------+---------+-------

Illustrated notes

Table legend:
 A = Kills in this place as a percentage of kills in entire the game.
 B = Kills by you in this place as a percentage of kills by you in the entire game.
 C = Kills by friends in this place as a percentage of kills by friends in the entire game.
 D = Other kills in this place as a percentage of other kills in the entire game.
 E = Experience gained in this place as a percentage of experience gained in the entire game.
 F = Experience gained in this place divided by the number of levels of this place that you have seen.
                   A       B       C       D       E      F
               +-------+-------+-------+-------+-------+----------------------
         Total | 100.0 | 100.0 | 100.0 | 100.0 | 100.0 | 837.0
       Dungeon |  98.7 |  98.6 | 100.0 | 100.0 |  98.5 | 989.5
         Sewer |   1.3 |   1.4 |   0.0 |   0.0 |   1.5 | 149.0
               +-------+-------+-------+-------+-------+----------------------

Table legend: (Time is in decaauts)
 A = Elapsed time spent in this place.
 B = Non-inter-level travel time spent in this place.
 C = Inter-level travel time spent in this place.
 D = Time resting spent in this place.
 E = Time spent auto-exploring this place.
 F = Levels seen in this place.
 G = Mean time per level.
                   A        B        C        D        E       F      G
               +--------+--------+--------+--------+--------+-----+--------+
         Total |  12982 |  12619 |    363 |   1622 |   9025 |  12 | 1081.8 |
       Dungeon |  12245 |  11902 |    343 |   1314 |   8703 |  10 | 1224.5 |
        Temple |    272 |    252 |     20 |      0 |    240 |   1 |  272.0 |
         Sewer |    464 |    464 |      0 |    308 |     82 |   1 |  464.0 |
               +--------+--------+--------+--------+--------+-----+--------+

Top non-repeatable levels by time:
     D:4: 1861 daAuts
     D:6: 1823 daAuts
     D:7: 1761 daAuts
     D:5: 1646 daAuts
     D:1: 1345 daAuts
     D:8: 1184 daAuts
     D:3: 945 daAuts
     D:2: 733 daAuts
     D:9: 713 daAuts
   Sewer: 464 daAuts
  Temple: 272 daAuts
    D:10: 230 daAuts
